 Dungeon Crawl Stone Soup version 0.19.0-9-gfd783f2 (webtiles) character file.

9541 SimpsOFF the Cleaver (level 11, 0/101 HPs)
             Began as a Minotaur Berserker on Nov 8, 2016.
             Was a High Priest of Trog.
             Slain by a nine-headed hydra (16 damage)
             ... on level 1 of the Lair of Beasts.
             The game lasted 00:30:56 (7154 turns).

SimpsOFF the Cleaver (Minotaur Berserker)           Turns: 7154, Time: 00:30:56

Health: 0/101      AC:  5    Str: 26    XL:     11   Next: 24%
Magic:  10/10      EV: 12    Int:  4    God:    Trog [*****.]
Gold:   321        SH: 22    Dex: 12    Spells: 0 memorised, 10 levels left

rFire  . . .     SeeInvis .     a - +1 war axe of the Vaults {venom, rC+ Str+3}
rCold  + . .     Gourm    .     (no armour)
rNeg   + . .     Faith    .     U - +3 large shield
rPois  .         Spirit   .     e - +0 hat
rElec  .         Reflect  +     d - +1 cloak
rCorr  .         Harm     .     t - +2 pair of gloves
MR     .....                    (no boots)
Stlth  +.........               r - +2 amulet of reflection
                                (no ring)
                                z - ring of positive energy

@: no status effects
A: retaliatory headbutt, horns 2
a: Berserk, Trog's Hand, Brothers in Arms, Burn Spellbooks, Renounce Religion


You were on level 1 of the Lair of Beasts.
You worshipped Trog.
Trog was extremely pleased with you.
You were not hungry.

You visited 2 branches of the dungeon, and saw 11 of its levels.

You collected 499 gold pieces.
You spent 178 gold pieces at shops.

Inventory:

Hand Weapons
 a - the +1 war axe of the Vaults (weapon) {venom, rC+ Str+3}
   (You bought it in a shop on level 7 of the Dungeon)

   It poisons the flesh of those it strikes.
   It affects your strength (+3).
   It protects you from cold.
 O - the +2 hunting sling of the Firefly {freeze, Stlth+}
   (You found it on level 9 of the Dungeon)

   It causes projectiles fired from it to freeze those they strike, causing
   extra injury to most foes and up to half again as much damage against
   particularly susceptible opponents.
   They can also slow down cold-blooded creatures.
   It makes you more stealthy.
 R - a +3 antimagic executioner's axe
Armour
 d - a +1 cloak (worn)
 e - a +0 hat (worn)
 t - a +2 pair of gloves (worn)
 D - a +4 ring mail of cold resistance
 E - a +0 scale mail of magic resistance
 J - the +6 plate armour of Syor Xiutack {rPois rF+ Dex-5}
   (You found it on level 6 of the Dungeon)

   It affects your dexterity (-5).
   It protects you from fire.
   It protects you from poison.
 U - a +3 large shield (worn)
Jewellery
 r - a +2 amulet of reflection (around neck)
 z - a ring of positive energy (left hand)
 F - an uncursed ring of fire
 Q - an uncursed ring of see invisible
Wands
 n - a wand of flame (23/48)
 A - a wand of paralysis (17/24)
 H - a wand of teleportation (7/9)
 M - a wand of polymorph (17/24)
 X - a wand of enslavement (9/24)
Scrolls
 f - 3 scrolls of recharging
 h - 3 scrolls of noise
 i - 8 scrolls of remove curse
 k - 6 scrolls of identify
 l - 3 scrolls of teleportation
 q - 2 scrolls of immolation {unknown}
 s - 2 scrolls of enchant weapon {unknown}
 u - a scroll of fog
 v - 3 scrolls of magic mapping {unknown}
Potions
 g - 5 potions of agility {unknown}
 j - 3 potions of curing {unknown}
 m - 4 potions of might {unknown}
 p - 2 potions of lignification {unknown}
 w - 2 potions of heal wounds {unknown}
 C - a potion of ambrosia {unknown}
 K - a potion of degeneration {unknown}
 L - 3 potions of cancellation {unknown}
 N - a potion of haste {unknown}
 P - a potion of berserk rage {unknown}
 T - a potion of brilliance {unknown}
Miscellaneous
 V - a phantom mirror
Comestibles
 b - 11 meat rations
 c - 10 bread rations
 o - 2 slices of pizza


   Skills:
 * Level 10.8 Fighting
 * Level 11.9 Axes
 * Level 9.6 Armour
 + Level 6.5 Dodging
 - Level 0.5 Stealth
 * Level 8.6 Shields


You had 10 spell levels left.
You didn't know any spells.

Dungeon Overview and Level Annotations

Branches:
Dungeon (10/15)            Temple (0/1) D:5            Lair (1/6) D:9
    Orc (0/2) D:10

Altars:
Ashenzari
Elyvilon
Fedhas
Gozag
Kikubaaqudgha
Makhleb
Nemelex Xobeh
Qazlal
Xom
Zin
The Shining One

Shops:
D:6 (   D:7 (


Innate Abilities, Weirdness & Mutations

You reflexively headbutt those who attack you in melee.
You have a pair of horns on your head.


Message History

The eight-headed hydra bites you! x2
You block the eight-headed hydra's attack.
The eight-headed hydra completely misses you.
The eight-headed hydra barely misses you.
You hack one of the eight-headed hydra's heads off!
The seven-headed hydra grows two more!
You hit the nine-headed hydra. You headbutt the nine-headed hydra!
The nine-headed hydra is lightly wounded.
You block the nine-headed hydra's attack. x2
The nine-headed hydra closely misses you.
The nine-headed hydra barely misses you.
You block the nine-headed hydra's attack. x2
The nine-headed hydra closely misses you.
You block the nine-headed hydra's attack.
The nine-headed hydra bites you! x2
* * * LOW HITPOINT WARNING * * *
The nine-headed hydra bites you!
* * * LOW HITPOINT WARNING * * *
The nine-headed hydra bites you!
You die...

.###....#.......####.###.#..# #.
..##..#...###...##.#.# #...## #.
...†.................# #.#..####.
.........P###..####..# #.........
##.#..............##.# #.###P.#.#
##..#..#.##P##.##.##.###.###..###
#.##.##.####P..#.#...##..###...#
#..##.. #####.##........## #.#.#
##..#### #.....@##...######P.#.#
##.. ##....D###..........#.. #.#
#...............#####.
#.....#####..##....#.. #...$.#
#######..#.. ####### #P.#.#
##...# #.#.P# ######


You could see a nine-headed hydra.

Vanquished Creatures
  Gastronok (D:8)
  Nergalle (D:10)
  2 hill giants (D:10)
  Pikel (D:6)
  A black mamba (Lair:1)
  2 spiny frogs (Lair:1)
  A rime drake (Lair:1)
  A merfolk (D:9)
  2 hippogriffs
  Grinder (D:6)
  Sigmund (D:6)
  A basilisk (Lair:1)
  A hungry ghost (D:7)
  Menkaure (D:7)
  Edmund (D:5)
  Duvessa (D:7)
  2 orc warriors
  2 sky beasts
  2 ice beasts
  2 slaves (D:6)
  An ogre (D:7)
  2 centaurs
  3 phantoms
  A crocodile (Lair:1)
  A big kobold (D:8)
  Blork the orc (D:5)
  2 bullfrogs
  Dowan (D:7)
  3 scorpions
  7 wights (D:10)
  3 howler monkeys
  3 centaur zombies
  5 crimson imps
  2 hounds
  A centaur skeleton (D:10)
  5 orc priests
  Crazy Yiuf (D:7)
  2 jellies
  6 orc wizards
  A gnoll shaman (D:6)
  2 bullfrog skeletons
  An iguana (D:9)
  4 worker ants
  A hound zombie (D:7)
  A hound skeleton (D:5)
  5 gnolls (D:6)
  10 adders
  4 shadow imps
  An ooze (D:5)
  5 adder skeletons
  3 worms
  A dart slug (D:2)
  4 leopard geckos (D:4)
  33 orcs
  A bat zombie (D:9)
  5 giant cockroaches
  7 goblins
  7 hobgoblins
  11 jackals
  5 kobolds
  7 quokkas
  2 ball pythons
  7 bats
  5 frilled lizards
  A leopard gecko skeleton (D:4)
  3 quokka zombies
  6 rats
  8 fungi (D:9)
228 creatures vanquished.

Vanquished Creatures (others)
  A centaur (D:7)
  A giant cockroach (D:8)
2 creatures vanquished.

Grand Total: 230 creatures vanquished

Notes
Turn   | Place    | Note
-------+----------+-------------------------------------------
     0 | D:1      | SimpsOFF the Minotaur Berserker began the quest for the Orb.
     0 | D:1      | Reached XP level 1. HP: 19/19 MP: 0/0
   418 | D:1      | Reached XP level 2. HP: 27/27 MP: 1/1
   604 | D:1      | Reached skill level 4 in Axes
   827 | D:2      | Found an opulent altar of Gozag.
   915 | D:2      | Reached ** piety under Trog
  1045 | D:2      | Reached XP level 3. HP: 25/33 MP: 2/2
  1177 | D:2      | Reached skill level 5 in Axes
  1529 | D:3      | Found a sparkling altar of Nemelex Xobeh.
  1717 | D:3      | Found a white marble altar of Elyvilon.
  1774 | D:3      | Reached XP level 4. HP: 41/41 MP: 3/3
  2144 | D:4      | Reached *** piety under Trog
  2179 | D:4      | Reached skill level 6 in Axes
  2179 | D:4      | Reached XP level 5. HP: 39/47 MP: 4/4
  2441 | D:4      | Reached skill level 5 in Fighting
  2464 | D:4      | Found a shattered altar of Ashenzari.
  2520 | D:4      | Found a glowing golden altar of the Shining One.
  2633 | D:4      | Found a burning altar of Makhleb.
  2634 | D:4      | Found a shimmering altar of Xom.
  2659 | D:5      | Entered Level 5 of the Dungeon
  2698 | D:5      | Reached skill level 7 in Axes
  2698 | D:5      | Reached XP level 6. HP: 56/56 MP: 5/5
  2714 | D:5      | Noticed Blork the orc
  2728 | D:5      | Killed Blork the orc
  2761 | D:5      | Found a blossoming altar of Fedhas.
  3038 | D:5      | Found a staircase to the Ecumenical Temple.
  3200 | D:5      | Noticed Edmund
  3209 | D:5      | Killed Edmund
  3209 | D:5      | Reached skill level 1 in Shields
  3209 | D:5      | Reached XP level 7. HP: 46/62 MP: 6/6
  3344 | D:5      | Found a glowing silver altar of Zin.
  3426 | D:6      | Found Imosk's Weapon Shoppe.
  3437 | D:6      | Reached **** piety under Trog
  3442 | D:6      | Reached skill level 8 in Axes
  3508 | D:6      | Noticed Pikel
  3510 | D:6      | Noticed Grinder
  3512 | D:6      | Noticed Sigmund
  3519 | D:6      | Killed Grinder
  3520 | D:6      | Killed Pikel
  3520 | D:6      | Reached skill level 5 in Armour
  3520 | D:6      | Reached XP level 8. HP: 42/73 MP: 7/7
  3524 | D:6      | Killed Sigmund
  3524 | D:6      | Reached skill level 9 in Axes
  3538 | D:6      | Got an ichor-stained dagger {flame}
  3588 | D:6      | Got an ancient plate armour
  3599 | D:6      | Identified the +6 plate armour of Syor Xiutack {rPois rF+ Dex-5} (You found it on level 6 of the Dungeon)
  4009 | D:7      | Reached skill level 5 in Shields
  4152 | D:7      | Reached XP level 9. HP: 81/81 MP: 8/8
  4181 | D:7      | Noticed Duvessa
  4181 | D:7      | Noticed Dowan
  4192 | D:7      | Killed Duvessa
  4203 | D:7      | Killed Dowan
  4327 | D:7      | Noticed Menkaure
  4336 | D:7      | Killed Menkaure
  4488 | D:7      | Got an ichor-stained short sword
  4536 | D:7      | Found Faergh's Antique Weapon Emporium.
  4541 | D:7      | Bought an encrusted war axe for 178 gold pieces
  4541 | D:7      | Identified the +1 war axe of the Vaults {venom, rC+ Str+3} (You bought it in a shop on level 7 of the Dungeon)
  4556 | D:7      | Found a stormy altar of Qazlal.
  4699 | D:7      | Found a runed door.
  4703 | D:7      | Noticed Crazy Yiuf
  4706 | D:7      | Killed Crazy Yiuf
  4739 | D:8      | Noticed Gastronok
  4749 | D:8      | Killed Gastronok
  4749 | D:8      | Reached skill level 10 in Axes
  4749 | D:8      | Reached skill level 5 in Dodging
  4749 | D:8      | Reached XP level 10. HP: 51/91 MP: 9/9
  4955 | D:8      | Reached ***** piety under Trog
  5392 | D:9      | Found a staircase to the Lair.
  5521 | D:9      | Got a smoking hunting sling
  5522 | D:9      | Identified the cursed +2 hunting sling of the Firefly {freeze, Stlth+} (You found it on level 9 of the Dungeon)
  5569 | D:9      | Received a gift from Trog
  5668 | D:9      | Found an ancient bone altar of Kikubaaqudgha.
  5822 | D:9      | Reached skill level 11 in Axes
  5867 | D:10     | Entered Level 10 of the Dungeon
  5867 | D:10     | Noticed Nergalle
  5878 | D:10     | Killed Nergalle
  5878 | D:10     | Reached skill level 10 in Fighting
  5917 | D:10     | Noticed a hill giant
  5923 | D:10     | Killed a hill giant
  5926 | D:10     | Found a staircase to the Orcish Mines.
  5939 | D:10     | Noticed a hill giant
  5946 | D:10     | Killed a hill giant
  5992 | D:10     | Reached XP level 11. HP: 80/101 MP: 10/10
  6559 | Lair:1   | Entered Level 1 of the Lair of Beasts
  7148 | Lair:1   | Noticed a seven-headed hydra
  7154 | Lair:1   | Slain by a nine-headed hydra

Skill      XL: |  1  2  3  4  5  6  7  8  9 10 |
---------------+-------------------------------+-----
Fighting       | 4 5 7 9 10 | 10.8
Axes           | 4 5 6 7 8 9 10 11 | 11.9
Armour         | 3 5 7 9 |  9.6
Shields        | 1 4 5 7 8 |  8.6
Dodging        | 3 4 5 6 |  6.5
Stealth        | |  0.5

Action                   |  1- 3 |  4- 6 |  7- 9 | 10-12 || total
-------------------------+-------+-------+-------+-------++-------
Melee: Hand axe          |   101 |    11 |       |       ||   112
       Headbutt          |    16 |    18 |    26 |    44 ||   104
       War axe           |       |    90 |   176 |   253 ||   519
Invok: Berserk           |     1 |       |     2 |     1 ||     4
       Trog's Hand       |       |       |     1 |       ||     1
       Burn Spellbooks   |       |       |       |     1 ||     1
  Use: Scroll            |       |       |     4 |    10 ||    14
  Eat: Chunk             |     3 |     5 |     8 |     8 ||    24
       Royal jelly       |       |       |     1 |       ||     1
       Pizza             |       |       |       |     1 ||     1
Armor: Ring mail         |    36 |    23 |    13 |       ||    72
       Animal skin       |     3 |       |       |       ||     3
       Plate armour      |       |       |    48 |    70 ||   118
Dodge: Dodged            |    72 |    41 |    38 |    49 ||   200
Block: Other             |     7 |     1 |       |       ||     8
       Shield            |       |    30 |    96 |   109 ||   235
       Reflection        |       |     3 |     4 |     6 ||    13
       Large shield      |       |       |       |    64 ||    64
